cohdb
Replays
Latest Replays
All Replays
Popular Replays
Top Player Replays
Match Explorer
How It Works
Community
CoH3 Stats
Reddit
Sign in to upload your games and track your stats! →
Sign in with Steam
Match 44602492
Unlisted
Match 44602492
Overview
Messages
Build Orders
End
Panzergrenadier Squad
Kradschützen Motorcycle Team
Selects Panzerjäger Kommand Battlegroup
Selects Mine Fields
Panzergrenadier Squad
Panzergrenadier Squad
Construct Light Support Kompanie
Selects Tank Busters
MG34 Team
Assault Mechanized Group
Fire Support Elements
2.5-tonne Medical Truck
Flakvierling Half-track
Selects Crew Shock Tactics
Selects Defensive Positions
Vehicle Survival Package
Veteran Squad Leaders
Construct Panzerarmee Kommand
Panzerjäger Mechanized Group
Combat Half-tracks
Armored Reserves
Selects Anti-tank Overwatch
Emergency Repair Kits
Supersaiyajin
Jarkke
ViiKumi
Philippine Marine
Maximus
Kannamix
0
0
Comments
sign in to comment!
No comments posted yet!